 Dungeon Crawl Stone Soup version 0.30-a0-218-gedb9141078 (webtiles) character file.

Game seed: 1312298482989010355

49 Snarg the Conjurer (level 3, 0/21 HPs)
             Began as a Tengu Reaver on Oct 6, 2022.
             Slain by an orc
             ... wielding a +0 whip
              (3 damage)
             ... on level 2 of the Dungeon.
             The game lasted 00:10:13 (2085 turns).

Snarg the Conjurer (Tengu Reaver)                   Turns: 2085, Time: 00:10:14

Health: 0/21       AC:  3    Str: 12    XL:     3   Next: 75%
Magic:  1/7        EV: 12    Int: 13    God:
Gold:   56         SH:  0    Dex: 20    Spells: 3/6 levels left

rFire   . . .      SeeInvis .    a - +0 short sword
rCold   . . .      Faith    .    (no shield)
rNeg    . . .      Spirit   .    b - +0 leather armour
rPois   .          Reflect  .    (helmet restricted)
rElec   .          Harm     .    (no cloak)
rCorr   .          Rampage  .    (no gloves)
Will    .....                    (boots unavailable)
Stlth   ++........               (no amulet)
HPRegen 0.23/turn                l - +6 ring of dexterity
MPRegen 0.10/turn                (no ring)

@: immotile, very slightly contaminated
A: beak, talons 3
a: no special abilities


You were on level 2 of the Dungeon.
You visited 1 branch of the dungeon, and saw 3 of its levels.

You collected 82 gold pieces.
You spent 26 gold pieces at shops.

Inventory:

Hand Weapons
 a - a +0 short sword (weapon)
 i - a +0 dagger
Missiles
 p - 15 stones (quivered)
Armour
 b - a +0 leather armour (worn)
Jewellery
 l - a +6 ring of dexterity (left hand)
Scrolls
 d - a scroll of fear {unknown}
 e - a scroll of poison {unknown}
 f - a scroll of teleportation {unknown}
 g - 3 scrolls of noise {unknown}
 j - 2 scrolls of magic mapping {unknown}
 k - a scroll of summoning {unknown}
 n - a scroll of enchant armour {unknown}
 o - a scroll of brand weapon {unknown}
Potions
 c - a potion of curing
 h - a potion of attraction
 m - a potion of lignification {unknown}


   Skills:
 - Level 2.0 Fighting
 + Level 4.0 Short Blades
 + Level 0.7 Armour
 + Level 2.4 Dodging
 - Level 1.0 Stealth
 - Level 2.0 Spellcasting
 + Level 4.7 Conjurations
 * Level 0.2 Translocations


You had 3 spell levels left.
You knew the following spells:

 Your Spells              Type           Power      Damage    Failure   Level
a - Kiss of Death         Conj/Necr      28%        2d7       12%         1
b - Momentum Strike       Conj/Tloc      14%        3d8       19%         2

Your spell library contained the following spells:

 Spells                   Type           Power      Damage    Failure   Level
 Necrotise                Necr           4%         1d4       32%         1
 Hailstorm                Conj/Ice       7%         3d4       36%         3
 Vampiric Draining        Necr           1%         2d6       67%         3
 Agony                    Necr           1%         N/A       100%        5


Dungeon Overview and Level Annotations

Branches:
Dungeon (3/15)

Altars:
Nemelex Xobeh

Shops:
D:1 ?

Annotations:
D:1 clr
D:2 clr, exclusion: scorpion


Innate Abilities, Weirdness & Mutations

You have a beak for a mouth.
You have claws for feet.


Message History

Casting: Momentum Strike (safe; 19% risk of failure)
Confirm with . or Enter, or press ? or * to list all spells.
Aiming: Momentum Strike (safe; 19% risk of failure)
Press: ? - help, Dir - move target, f - orc wizard
Aim: an orc wizard, wielding a +0 dagger and wearing a +0 robe (60% to hit)
The concentrated momentum misses the orc wizard.
The orc wizard casts a spell at you. The magic dart hits you!
* * * LOW HITPOINT WARNING * * *
You hit the orc but do no damage. You claw the orc, but do no damage.
Your peck misses the orc. The orc barely misses you.
Casting: Momentum Strike (safe; 19% risk of failure)
Confirm with . or Enter, or press ? or * to list all spells.
Aiming: Momentum Strike (safe; 19% risk of failure)
Press: ? - help, Dir - move target, f/p - orc wizard
Aim: an orc wizard, wielding a +0 dagger and wearing a +0 robe (60% to hit)
You miscast Momentum Strike.
You are very lightly contaminated with residual magic.
Nothing appears to happen.
The orc hits you but does no damage. The orc wizard closely misses you.
Unknown command.
Casting: Momentum Strike (safe; 19% risk of failure)
Confirm with . or Enter, or press ? or * to list all spells.
Aiming: Momentum Strike (safe; 19% risk of failure)
Press: ? - help, Dir - move target, f/p - orc wizard
Aim: an orc wizard, wielding a +0 dagger and wearing a +0 robe (60% to hit)
The concentrated momentum hits the orc wizard!
You are unable to move.
The orc wizard closely misses you. The orc barely misses you.
Unknown command.
You hit the orc wizard. You claw the orc wizard.
You peck the orc wizard, but do no damage.
The orc wizard is almost dead.
The orc wizard hits you with a +0 dagger.
* * * LOW HITPOINT WARNING * * *
The orc barely misses you.
You hit the orc wizard.
You kill the orc wizard!
The orc hits you with a +0 whip.
You die...

.# #.###.##.#.# #.#####.#. .#
#.##...#...# #.........
.########.##...#.### #######.#.
.................# ##.#..
####.............### ##.###.
##.#####.........# ##.## ##
###...######...#.#.#######.## #
...)#.....#....#o...........## ##
.##...###...[..>@..########.)###.
.###.## #.#.######.####.....#.#..
.# #.# ##.#.# #...............
.###.###..).# #...............
.....##.....## ######.###.##.##
.##..........# #.....##.#
.##.........## #####.##.#
.#######..<## #....# .# ##.##
######


You could see an orc.

Vanquished Creatures
  Jessica (D:2)
  An orc wizard (D:2)
  An adder (D:2)
  An orc (D:3)
  9 bats
  2 endoplasms
  3 giant cockroaches
  4 goblins
  2 hobgoblins (D:2)
  4 jackals (D:1)
  2 quokkas
  4 ball pythons
  3 frilled lizards (D:1)
  2 kobolds
  3 rats
42 creatures vanquished.

Vanquished Creatures (others)
  An orc priest (D:2)
  An adder (D:2)
  2 orcs (D:2)
  4 hobgoblins
  A kobold (D:1)
  A quokka (D:2)
  A ball python (D:1)
  A plant (D:1)
12 creatures vanquished.

Grand Total: 54 creatures vanquished

Notes
Turn   | Place    | Note
-------+----------+-------------------------------------------
     0 | D:1      | Snarg the Tengu Reaver began the quest for the Orb.
     0 | D:1      | Reached XP level 1. HP: 12/12 MP: 4/4
   114 | D:1      | Reached XP level 2. HP: 14/17 MP: 6/6
   128 | D:1      | Learned a level 2 spell: Momentum Strike
   146 | D:1      | Reached skill level 1 in Stealth
   164 | D:1      | Found a faded altar of an unknown god.
   706 | D:1      | Reached XP level 3. HP: 21/21 MP: 7/7
   747 | D:1      | Found Kennuw's Magic Scroll Boutique.
   822 | D:1      | Bought a scroll of identify for 26 gold pieces
  1153 | D:2      | Noticed a scorpion
  1493 | D:2      | Found a sparkling altar of Nemelex Xobeh.
  1951 | D:3      | Noticed Jessica
  1963 | D:2      | Killed Jessica
  2085 | D:2      | Slain by an orc

Illustrated notes

Levels and vault maps discovered:
D:1:      amcnicky_arrival_wind_blow, layout_basic,
          hellmonk_ecumenical_altar_blasted, serial_shops, shop,
          minmay_shallow_snake_nest
D:2:      layout_loops_ring, basic_altar, st_stairs_8
D:3:      layout_basic, nicolae_qazlal_scattered_showers, uniq_jessica

Skill      XL: |  1  2  3 |
---------------+----------+-----
Stealth        | 1 |  1.0
Short Blades   | 4 |  4.0
Fighting       | |  2.0
Armour         | |  0.7
Dodging        | |  2.4
Spellcasting   | |  2.0
Conjurations   | |  4.7
Translocations | |  0.2

Action                   || total
-------------------------++-------
Melee: Short sword       ||   104
       Kick              ||    29
       Peck              ||    14
Throw: Stone             ||     8
 Cast: Momentum Strike   ||    21
  Use: Scroll            ||     3
       Potion            ||     1
 Stab: Sleeping          ||     2
Armor: Leather armour    ||    23
Dodge: Dodged            ||    66

Table legend: (Time is in decaauts)
 A = Elapsed time spent in this place.
 B = Non-inter-level travel time spent in this place.
 C = Inter-level travel time spent in this place.
 D = Time resting spent in this place.
 E = Time spent auto-exploring this place.
 F = Levels seen in this place.
 G = Mean time per level.
                   A        B        C        D        E       F      G
               +--------+--------+--------+--------+--------+-----+--------+
         Total |   2068 |   1876 |    192 |    203 |   1208 |   3 |  689.3 |
       Dungeon |   2068 |   1876 |    192 |    203 |   1208 |   3 |  689.3 |
               +--------+--------+--------+--------+--------+-----+--------+

Top non-repeatable levels by time:
     D:2: 1017 daAuts
     D:1: 971 daAuts
     D:3: 79 daAuts
